 Dungeon Crawl Stone Soup version 0.21.1-1-g345015f (webtiles) character file.

45 eccles the Sneak (level 3, -2/28 HPs)
             Began as a Mummy Assassin on Apr 17, 2018.
             Slain by an orc wizard
             ... wielding a +0 dagger
              (6 damage)
             ... on level 3 of the Dungeon.
             The game lasted 00:10:16 (1979 turns).

eccles the Sneak (Mummy Assassin)                   Turns: 1979, Time: 00:10:17

Health: -2/28      AC:  6    Str: 14    XL:     3   Next: 42%
Magic:  3/3        EV: 11    Int: 10    God:
Gold:   118        SH:  0    Dex: 14    Spells: 2/2 levels left

rFire    x . .     SeeInvis .   a - +2 dagger
rCold    + . .     Gourm    .   (no shield)
rNeg     + + +     Faith    .   h - +0 leather armour
rPois    ∞         Spirit   .   i - +1 hat
rElec    .         Reflect  .   d - +1 cloak
rCorr    .         Harm     .   (no gloves)
MR       .....                  (no boots)
Stlth    ++........             (no amulet)
HPRegen  0.09/turn              (no ring)
MPRegen  0.08/turn              (no ring)

@: slowed, very slow
A: no food or potions, fire vulnerability, cold resistance 1, negative energy
resistance 3, torment resistance, unbreathing
a: no special abilities


You were on level 3 of the Dungeon.
You were not hungry.

You visited 1 branch of the dungeon, and saw 3 of its levels.

You collected 118 gold pieces.

Inventory:

Hand Weapons
 a - a +2 dagger (weapon)
 b - a +0 blowgun
Missiles
 e - 7 poisoned needles
 f - 2 curare-tipped needles
Armour
 c - a +0 robe
 d - a +1 cloak (worn)
 h - a +0 leather armour (worn)
 i - a +1 hat (worn)
Jewellery
 l - a cursed amulet of inaccuracy {unknown}
Wands
 k - a wand of disintegration (14)
Scrolls
 j - a scroll of amnesia
Comestibles
 g - 7 rations


   Skills:
 + Level 2.4 Fighting
 + Level 2.0 Short Blades
 + Level 1.7 Throwing
 + Level 1.1 Dodging
 + Level 3.7 Stealth


You had 2 spell levels left.
You didn't know any spells.

Dungeon Overview and Level Annotations

Branches:
Dungeon (3/15)

Altars:
Trog


Innate Abilities, Weirdness & Mutations

You do not eat or drink.
Your flesh is vulnerable to fire.
You are immune to poison.
Your flesh is cold resistant. (rC+)
You are immune to negative energy. (rN+++)
You are immune to unholy pain and torment.
You can survive without breathing.


Message History

The orc wizard blinks!
You hit the orc wizard but do no damage.
The orc wizard is moderately wounded.
The orc wizard hits you but does no damage. x2
The orc wizard barely misses you.
The orc wizard hits you but does no damage.
Evoke which item? (* to show all) (? for menu, Esc to quit)
Aiming: Disintegrate
Press: ? - help, Shift-Dir - straight line, f - orc, p - orc wizard
Aim: an orc, wielding a hand axe of chopping and wearing a chain mail (chance to defeat MR: 80%)
The orc wizard struggles to resist.
The orc wizard hits you but does no damage. x3
The orc wizard points at you and mumbles some strange words.
The magic dart hits you!
* * * LOW HITPOINT WARNING * * *
You hit the orc wizard.
The orc wizard is lightly wounded.
The orc wizard hits you but does no damage.
The orc wizard barely misses you. x2; The orc wizard hits you with a dagger.
You die...

..#.....#
........# #.#
........# #.#
........# #.#
........# #.#
........+ #.#
........#####.#
>....o...)o##o#
.#+#.#+#.##o##@#
#...#.#.###.##o#
+...+#.#.##o##o# .
#...#.#.#..o..o#
.#+...+#.#.##.####
..........###.#
..!......#....#
....#....+###+#
...#.#.........


You could see 2 orc wizards and 2 orcs.

Vanquished Creatures
  2 worms (D:2)
  A leopard gecko (D:2)
  An orc (D:3)
  3 bats
  4 giant cockroaches
  6 goblins
  5 hobgoblins
  2 jackals (D:3)
  A kobold (D:1)
  5 frilled lizards
  5 rats
35 creatures vanquished.

Notes
Turn   | Place    | Note
-------+----------+-------------------------------------------
     0 | D:1      | eccles the Mummy Assassin began the quest for the Orb.
     0 | D:1      | Reached XP level 1. HP: 16/16 MP: 1/1
   454 | D:1      | Reached XP level 2. HP: 14/22 MP: 2/2
  1155 | D:2      | Reached XP level 3. HP: 20/28 MP: 3/3
  1848 | D:3      | Found a bloodstained altar of Trog.
  1876 | D:3      | Reached skill level 1 in Dodging
  1979 | D:3      | Slain by an orc wizard

Skill      XL: |  1  2  3 |
---------------+----------+-----
Short Blades   | 2 |  2.0
Dodging        | 1 |  1.1
Fighting       | |  2.4
Throwing       | |  1.7
Stealth        | |  3.7

Action                   || total
-------------------------++-------
Melee: Dagger            ||   129
 Fire: Blowgun           ||     9
Evoke: Wand              ||     2
  Use: Scroll            ||     5
 Stab: Sleeping          ||     3
Armor: Robe              ||    15
       Leather armour    ||    20
Dodge: Dodged            ||    61
